Map: Аура смерти РВ

Players

Hawk - Winner!

  • Race: Protoss Protoss
  • League: Grandmaster
  • Spawn Location: 5:00

MasterVasya

  • Race: Terran Terran
  • League: Master
  • Spawn Location: 11:00

VOD

Have the link to the VOD?

Description

Time

  • Played on: Jan. 20, 2021, 2:59 a.m.
  • Length: 5:42
Show
View Real Time Build Order
Export as new Build Order

Hawk Protoss - Winner!

Build Orders: Dark Templar Rush 

Get SALT Encoding   

  12  0:00  Probe  
  13  0:12  Probe  
  14  0:16  Pylon  
  14  0:24  Probe  
  15  0:35  Gateway  
  15  0:39  Probe  
  16  0:46  Pylon  
  16  0:51  Assimilator  
  16  0:54  Probe  
  17  1:05  Gateway  
  17  1:09  Probe  
  18  1:22  Cybernetics Core  
  18  1:27  Probe  
  18  1:30  Zealot  
  21  1:39  Probe  
  22  1:43  Assimilator  
  22  1:46  Assimilator  
  22  1:52  Probe  
  23  1:59  Stalker (Chrono Boost)  
  27  2:09  Stalker (Chrono Boost)  
  27  2:11  Probe  
  27  2:13  Warp Gate (Chrono Boost)  
  27  2:20  Stalker (Chrono Boost)  
  29  2:38  Probe  
  29  2:41  Twilight Council  
  30  2:44  Shield Battery  
  28  3:15  Probe  
  28  3:18  Dark Shrine  
  29  3:29  Nexus  
  29  3:32  Pylon  
  29  3:35  Probe  
  30  3:47  Probe  
  29  3:54  Stalker x2  
  33  4:00  Probe  
  34  4:12  Probe  
  35  4:18  Assimilator  
  35  4:30  Dark Templar  
  38  4:36  Dark Templar  
  39  4:41  Robotics Facility, Probe  
  39  4:45  Probe  
  41  4:53  Probe  
  41  4:54  Pylon  
  41  4:57  Probe  
  43  5:05  Probe  
  44  5:09  Probe  
  45  5:15  Dark Templar x2  
  49  5:26  Probe x2  
Show
View Real Time Build Order
Export as new Build Order

MasterVasya Terran 

Build Orders:  

Get SALT Encoding   

  12  0:03  SCV  
  13  0:15  SCV  
  13  0:19  Supply Depot  
  14  0:27  SCV  
  15  0:40  SCV  
  15  0:42  Barracks  
  16  0:47  Refinery  
  16  0:52  SCV  
  17  1:04  SCV  
  18  1:16  SCV  
  19  1:31  Supply Depot  
  19  1:32  Reaper  
  21  1:33  Orbital Command  
  20  1:53  Bunker  
  20  2:00  SCV  
  21  2:05  Marine, Barracks  
  22  2:12  Factory, SCV  
  23  2:23  Supply Depot  
  23  2:24  SCV  
  23  2:26  Marine  
  25  2:36  SCV  
  26  2:46  Marine  
  26  2:55  Command Center  
  26  2:57  Widow Mine  
  27  3:07  SCV  
  27  3:08  Marine  
  29  3:15  Barracks Tech Lab  
  29  3:16  Starport  
  27  3:25  SCV  
  27  3:26  Marine  
  29  3:27  Factory Tech Lab  
  29  3:36  Marine  
  29  3:38  SCV  
  31  3:43  Marine  
  31  3:48  Stimpack  
  32  3:50  SCV  
  33  3:55  Refinery  
  33  4:01  Marine  
  33  4:02  SCV  
  35  4:06  Supply Depot  
  35  4:14  Orbital Command  
  35  4:18  Marine  
  35  4:19  Marine  
  35  4:22  Medivac  
  39  4:36  Marine  
  39  4:37  Marine  
  41  4:48  Orbital Command  
  41  4:51  Barracks  
  41  4:53  Barracks  
  41  4:54  Barracks  
  35  5:02  Engineering Bay  
  35  5:05  Marine x2  
  36  5:13  Supply Depot  
  33  5:23  Marine x2  
  33  5:30  Missile Turret  
Tags
 
Add a new tag
Caveats
  • Supply blocks, unpowered buildings, or Contaminate may cause inaccurate times.
  • Supply counts are checked every 10 seconds.